 Dungeon Crawl Stone Soup version 0.30-a0-222-ge547ba4400 (webtiles) character file.

Game seed: 16805741391605953912

133 Sobieck the Cutter (level 5, 0/31 HPs)
             Began as a Kobold Gladiator on Oct 8, 2022.
             Slain by Crazy Yiuf
             ... wielding a +4 quarterstaff of chaos
              (9 damage)
             ... on level 3 of the Dungeon.
             The game lasted 00:05:30 (3042 turns).

Sobieck the Cutter (Kobold Gladiator)               Turns: 3042, Time: 00:05:30

Health: 0/31       AC:  5    Str: 11    XL:     5   Next: 40%
Magic:  5/5        EV: 15    Int:  9    God:
Gold:   178        SH:  0    Dex: 19    Spells: 4/4 levels left

rFire   . . .      SeeInvis .    a - +0 rapier {short}
rCold   . . .      Faith    .    (no shield)
rNeg    . . .      Spirit   .    b - +0 leather armour
rPois   .          Reflect  .    c - +0 helmet
rElec   .          Harm     .    w - scarf {repulsion}
rCorr   .          Rampage  .    F - +0 pair of gloves
Will    .....                    (no boots)
Stlth   +++.......               (no amulet)
HPRegen 0.25/turn                (no ring)
MPRegen 0.09/turn                (no ring)

@: repel missiles
A: small, no large weapons, nightstalker 3
a: no special abilities


You were on level 3 of the Dungeon.
You visited 1 branch of the dungeon, and saw 3 of its levels.

You collected 178 gold pieces.


Innate Abilities, Weirdness & Mutations

You are small and have problems with some larger weapons.
You are completely attuned to the shadows.


   Skills:
 + Level 2.7 Fighting
 - Level 7.0 Short Blades
 - Level 2.1 Throwing
 - Level 3.6 Dodging
 + Level 1.8 Stealth


You had 4 spell levels left.
You didn't know any spells.
Your spell library contained the following spells:

 Spells                   Type           Power      Damage    Failure   Level
 Animate Dead             Necr           0%         N/A       99%         4
 Haunt                    Necr/Summ      0%         N/A       100%        7
 Infestation              Necr           0%         N/A       100%        8

Inventory:

Hand Weapons
 a - a +0 rapier (weapon) {short}
Missiles
 d - 3 throwing nets {=f!fthrowing}
 e - 2 boomerangs (quivered) {throwing}
 i - 15 stones {throwing}
 n - 6 poisoned darts {throwing}
Armour
 b - a +0 leather armour (worn)
 c - a +0 helmet (worn)
 f - a +0 ring mail
   (You found it on level 1 of the Dungeon)
 m - a +0 leather armour
   (You found it on level 2 of the Dungeon)
 r - a +0 leather armour
   (You found it on level 2 of the Dungeon)
 s - a +0 leather armour
   (You found it on level 2 of the Dungeon)
 t - a +0 ring mail
   (You found it on level 2 of the Dungeon)
 u - a +0 chain mail
   (You found it on level 2 of the Dungeon)
 v - a +0 scale mail
   (You found it on level 2 of the Dungeon)
 w - a scarf of repulsion (worn)
   (You found it on level 2 of the Dungeon)
 x - a +0 leather armour
   (You found it on level 2 of the Dungeon)
 y - a +0 leather armour
   (You took it off an orc on level 3 of the Dungeon)
 z - a +0 ring mail
   (You found it on level 3 of the Dungeon)
 B - a +0 chain mail
   (You found it on level 3 of the Dungeon)
 D - a +0 animal skin
   (You took it off Robin on level 3 of the Dungeon)
 F - a +0 pair of gloves (worn)
   (You found it on level 3 of the Dungeon)
Wands
 E - a wand of flame (24)
   (You took it off Robin on level 3 of the Dungeon)
Scrolls
 h - a scroll of poison {unknown}
 k - 3 scrolls of identify {unknown}
 o - a scroll of enchant weapon {unknown}
 p - a scroll of blinking {unknown}
 q - a scroll of fear {unknown}
 C - a scroll of amnesia {unknown}
Potions
 g - a potion of heal wounds {unknown}
 j - 3 potions of curing {unknown}
 l - 3 potions of flight {unknown}
 A - a potion of might {unknown}

Dungeon Overview and Level Annotations

Branches:
Dungeon (3/15) Zot: 14974

Altars:

Shops:
D:1 (   D:2 (

Annotations:
D:3 Crazy Yiuf

#.######...#
#....# #.........#
#.# ##..# ♣....♣
#...#.#.### #.##
#.## ♣...♣♣
#...#...# #..# #.#
♣♣.♣♣ #...########
#+.# #.# ♣.♣♣
#........... ##.##
#.# ♣♣.♣
#<>#########
....#####.# ♣.♣♣
#....# ..###...#.#
♣♣.♣ ##.#.#
....###.#.# #@#
#.#.# ####
##.##.#.#.# #.g.#
#.#.# #...
....#.#.#'## #...#
#.#.# #.##
###.#......# #..)#
##.#.# #.#
....####...# #####
#....# #.#
##.##..#...#
##.### #.#
....#÷.#...#######
#.# #.#
..###.<#.........#
#.# #.#
....#..'..########
#.######.#


You could see Crazy Yiuf.


Message History

D - a +0 animal skin;
E - a wand of flame (24)
Items here: )) [ ††.
Unknown command.
There is an open door here.
F - a +0 pair of gloves Unknown command.
You start putting on your armour.
You continue putting on your +0 pair of gloves. x4
You finish putting on your +0 pair of gloves.
You open the door.
There is an open door here.
You open the door.
Found a stone staircase leading down.
Unknown command.
There is an open door here.
There is a stone staircase leading down here.
l - 3 dark potions (gained 1)
You now have 160 gold pieces (gained 18).
You open the door.
There is an open door here.
You now have 178 gold pieces (gained 18).
You open the door.
An adder comes into view.
Found an escape hatch in the ceiling.
Danger!
There is an open door here.
There is an escape hatch in the ceiling here.
The helpless adder fails to defend itself.
You impale the adder!!
You kill the adder!
Unknown command.
Unknown command.
Unknown command.
There is an open door here.
There is an open door here.
You see here a +0 rapier {short}.
An orc comes into view. It is wielding a +0 flail.
Danger!
The helpless orc fails to defend itself.
You impale the orc!!
You kill the orc!
No target in view!
No target in view!
You open the door.
There is an open door here.
A bat comes into view.
Danger!
Found a stone staircase leading up.
The helpless bat fails to defend itself.
You impale the bat!!
You kill the bat!
No target in view!
No target in view!
i - 15 stones {throwing} (gained 3)
You see here a bat corpse.
There is a faded altar of an unknown god here.
A kobold comes into view.
It is wielding a +0 whip and quivering poisoned darts.
Danger!
The kobold shouts!
The kobold barely misses you.
You hit the kobold.
You kill the kobold!
No target in view!
No target in view!
n - 6 poisoned darts {throwing} (gained 4)
Things that are here:
a +0 whip {mace}; a kobold corpse
There is an escape hatch in the floor here.
There is an open door here.
There is an open door here.
You see here a +0 rapier {short}.
You see here a +0 rapier {short}.
There is a stone staircase leading down here.
You see here a +0 dagger {short}.
There is a faded altar of an unknown god here.
There is a faded altar of an unknown god here.
There is an escape hatch in the floor here.
Unknown command.
Unknown command.
You open the door.
Crazy Yiuf shouts!
Danger!
There is an open translucent door here.
Unknown command.
You hit Crazy Yiuf.
Crazy Yiuf whimpers, "Island chair childish!"
Crazy Yiuf completely misses you.
Unknown command.
You hit Crazy Yiuf.
Crazy Yiuf hits you with a +4 quarterstaff of chaos!
Space warps horribly around you!
* * * LOW HITPOINT WARNING * * *
You hit Crazy Yiuf but do no damage.
Crazy Yiuf hits you with a +4 quarterstaff of chaos.
* * * LOW HITPOINT WARNING * * *
Crazy Yiuf freezes you.
* * * LOW HITPOINT WARNING * * *
You puncture Crazy Yiuf!
Crazy Yiuf hits you with a +4 quarterstaff of chaos!
You die...

Skill      XL: |  1  2  3  4  5 |
---------------+----------------+-----
Short Blades   | 5 6 7 |  7.0
Stealth        | 1 |  1.8
Fighting       | |  2.7
Throwing       | |  2.1
Dodging        | |  3.6

Action                   |  1- 3 |  4- 6 || total
-------------------------+-------+-------++-------
Melee: Rapier            |   116 |    85 ||   201
       Punch             |       |     1 ||     1
Throw: Boomerang         |     2 |       ||     2
 Stab: Sleeping          |    10 |    11 ||    21
       Distracted        |     1 |       ||     1
Armor: Leather armour    |    13 |    12 ||    25
Dodge: Dodged            |    73 |    60 ||   133
       Repelled          |       |     1 ||     1

Levels and vault maps discovered:
D:1:      dpeg_chamrin_arrival_tetris, layout_basic, serial_shops,
          nicolae_shop_stone
D:2:      layout_rooms, serial_shops, nicolae_shop_stone,
          kennysheep_another_room, chequers_garden, minmay_hexomino_c4
D:3:      layout_basic, shapermc_ecumenical_altar_gd, minmay_misc_feat_alley,
          grunt_decor_junction, uniq_robin, uniq_crazy_yiuf_cottage

Notes
Turn   | Place    | Note
-------+----------+-------------------------------------------
     0 | D:1      | Sobieck the Kobold Gladiator began the quest for the Orb.
     0 | D:1      | Reached XP level 1. HP: 12/12 MP: 1/1
   187 | D:1      | Reached XP level 2. HP: 17/17 MP: 2/2
   295 | D:1      | Reached skill level 5 in Short Blades
   366 | D:1      | HP: 1/17 [frozen (5)]
   486 | D:1      | Found Loeddoc's Weapon Shoppe.
   697 | D:1      | Reached XP level 3. HP: 21/21 MP: 3/3
   842 | D:1      | HP: 4/21 [endoplasm (2)]
   993 | D:2      | You pick up a book of Death and begin reading...
   993 | D:2      | You add the spells Animate Dead, Haunt and Infestation to
                  | your library.
  1114 | D:2      | HP: 1/21 [worm (8)]
  1259 | D:2      | Reached skill level 6 in Short Blades
  1301 | D:2      | Reached XP level 4. HP: 26/26 MP: 4/4
  1509 | D:2      | Found Veyjeiz's Weapon Shop.
  1814 | D:3      | Found a faded altar of an unknown god.
  2100 | D:3      | Reached skill level 7 in Short Blades
  2164 | D:3      | Reached XP level 5. HP: 30/30 MP: 5/5
  2252 | D:3      | Noticed Robin
  2314 | D:3      | Killed Robin
  2315 | D:3      | Reached skill level 1 in Stealth
  2838 | D:3      | Found a runed translucent door.
  2841 | D:3      | Noticed Crazy Yiuf
  3042 | D:3      | Slain by Crazy Yiuf

Vanquished Creatures
  Robin (D:3)
  4 adders
  4 worms
  A dart slug (D:3)
  2 orcs (D:3)
  6 endoplasms
  4 giant cockroaches
  6 hobgoblins
  2 quokkas
  5 ball pythons
  8 bats
  4 frilled lizards
  14 goblins
  6 kobolds
  6 rats
73 creatures vanquished.

Vanquished Creatures (others)
  A goblin (D:3)
1 creature vanquished.

Grand Total: 74 creatures vanquished

Table legend:
 A = Non-vault XP
 B = Vault XP
 C = Vault XP percentage of total XP
 D = Non-vault monster count
 E = Vault monster count
 F = Vault count percentage of total count
                 A         B        C        D         E       F
            +---------+---------+-------+---------+---------+-------
      Total |     148 |      43 |  22.5 |      56 |      17 |  23.3
            +---------+---------+-------+---------+---------+-------
        D:1 |      31 |       4 |  11.4 |      20 |       2 |   9.1
        D:2 |      49 |       7 |  12.5 |      19 |       5 |  20.8
        D:3 |      68 |      32 |  32.0 |      17 |      10 |  37.0
            +---------+---------+-------+---------+---------+-------

Illustrated notes

Table legend:
 A = Kills in this place as a percentage of kills in entire the game.
 B = Kills by you in this place as a percentage of kills by you in the entire game.
 C = Kills by friends in this place as a percentage of kills by friends in the entire game.
 D = Other kills in this place as a percentage of other kills in the entire game.
 E = Experience gained in this place as a percentage of experience gained in the entire game.
 F = Experience gained in this place divided by the number of levels of this place that you have seen.
                   A       B       C       D       E      F
               +-------+-------+-------+-------+-------+----------------------
         Total | 100.0 | 100.0 |   N/A |   N/A | 100.0 |  63.7
       Dungeon | 100.0 | 100.0 |   N/A |   N/A | 100.0 |  63.7
               +-------+-------+-------+-------+-------+----------------------

Table legend: (Time is in decaauts)
 A = Elapsed time spent in this place.
 B = Non-inter-level travel time spent in this place.
 C = Inter-level travel time spent in this place.
 D = Time resting spent in this place.
 E = Time spent auto-exploring this place.
 F = Levels seen in this place.
 G = Mean time per level.
                   A        B        C        D        E       F      G
               +--------+--------+--------+--------+--------+-----+--------+
         Total |   3025 |   2978 |     47 |    241 |   2261 |   3 | 1008.3 |
       Dungeon |   3025 |   2978 |     47 |    241 |   2261 |   3 | 1008.3 |
               +--------+--------+--------+--------+--------+-----+--------+

Top non-repeatable levels by time:
     D:3: 1338 daAuts
     D:1: 863 daAuts
     D:2: 823 daAuts
